 Dungeon Crawl Stone Soup version 0.29.1-2-gbd0b4ee654 (webtiles) character file.

Game seed: 10836072237937581285

66 styxcanada the Sneak (level 3, -2/18 HPs)
             Began as a Spriggan Brigand on Nov 28, 2022.
             Killed from afar by a white imp (8 damage)
             ... with a puff of frost
             ... summoned by Natasha
             ... on level 2 of the Dungeon.
             The game lasted 00:04:54 (1422 turns).

styxcanada the Sneak (Spriggan Brigand)             Turns: 1422, Time: 00:04:54

Health: -2/18      AC:  3    Str:  7    XL:     3   Next: 96%
Magic:  4/4        EV: 17    Int: 12    God:
Gold:   115        SH:  0    Dex: 18    Spells: 2/2 levels left

rFire   . . .      SeeInvis +   a - +2 dagger
rCold   . . .      Faith    .   (no shield)
rNeg    . . .      Spirit   .   b - +0 robe
rPois   .          Reflect  .   (helmet restricted)
rElec   .          Harm     .   c - +0 cloak
rCorr   .          Rampage  .   (gloves unavailable)
Will    .....                   (boots unavailable)
Stlth   ++++......              (no amulet)
HPRegen 0.06/turn               (no ring)
MPRegen 0.09/turn               (no ring)

@: very quick
A: very small, no large weapons, unfitting armour, see invisible, speed 3
a: no special abilities


You were on level 2 of the Dungeon.
You visited 1 branch of the dungeon, and saw 2 of its levels.

You collected 115 gold pieces.

Inventory:

Hand Weapons
 a - a +2 dagger (weapon)
 m - a +0 sling
Missiles
 d - 7 poisoned darts (quivered)
 e - 3 curare-tipped darts
 i - 29 stones
Armour
 b - a +0 robe (worn)
 c - a +0 cloak (worn)
Scrolls
 f - 2 scrolls of teleportation {unknown}
 h - 2 scrolls of noise {unknown}
 j - a scroll of enchant weapon {unknown}
Potions
 g - 3 potions of degeneration {unknown}
 k - a potion of heal wounds {unknown}
 l - a potion of lignification {unknown}


   Skills:
 * Level 1.8 Fighting
 + Level 2.4 Short Blades
 + Level 2.4 Throwing
 * Level 2.3 Dodging
 * Level 7.3 Stealth


You had 2 spell levels left.
You didn't know any spells.
Your spell library was empty.

Dungeon Overview and Level Annotations

Branches:
Dungeon (2/15)

Altars:
Trog

Annotations:
D:2 Natasha


Innate Abilities, Weirdness & Mutations

You are very small and have problems with some larger weapons.
You are too small for most types of armour.
You have supernaturally acute eyesight. (SInv)
You cover ground extremely quickly. (Speed+++)


Message History

Natasha attacks as you move away! Natasha claws you.
Natasha stares at you and mumbles some strange words.
You resist with some effort. Natasha attacks as you move away!
Natasha barely misses you. Natasha closely misses you.
Natasha growls.
Natasha closely misses you. Natasha attacks as you move away!
Natasha misses you. Natasha casts a spell at you. The magic dart hits you.
Natasha attacks as you move away! Natasha misses you.
Natasha closely misses you.
Your transformation is almost over.
Natasha claws you but does no damage. Natasha attacks as you move away!
Natasha claws you but does no damage.
You feel yourself speed up. Natasha casts a spell at you.
The magic dart hits you. Natasha attacks as you move away! Natasha misses you.
Natasha attacks as you move away! Natasha barely misses you.
Natasha misses you. Natasha attacks as you move away!
Natasha closely misses you.
You condense into your normal self.
Your +2 dagger unmelds from your body.
Your +0 cloak unmelds from your body.
Your +0 robe unmelds from your body.
Natasha mumbles some strange words.
Natasha zaps a wand.
You resist with some effort.
Throw: 9 darts (poison)
Press: ? - help, Q - select action, (/) - cycle Shift-Dir - straight line, f - Natasha
Aim: Natasha, carrying a wand of polymorph (7) (55% to hit)
You throw a poisoned dart. The poisoned dart hits Natasha.
Natasha is poisoned.
Natasha mumbles some strange words.
Throw: 8 darts (poison)
Press: ? - help, Q - select action, (/) - cycle Shift-Dir - straight line, f/p - Natasha
Aim: Natasha, carrying a wand of polymorph (7) (lightly wounded, poisoned, 55% to hit)
You throw a poisoned dart. The poisoned dart hits Natasha.
Natasha is lightly wounded.
The white imp gestures at you. The puff of frost hits you!
You die...

.....................<......# ###
..........#........#.##.....# ###
..#.#.......................# #.#
..#.......#.#..##..#.##.....###.#
..#....#..#.#..##..#.............
....................###.....# #.#
..#....#..#.#..##..)# #...#.###.#
..#....#..#.#..##...###..........
..#....#...h....@...........###.#
..#........5#.##...#####......#.#
..#.##.##.#.#.##...# ##....#.#.#
..#.##.##.#.#.##...####..........
..#.............................#
..............#.##.####.....###.#
.##.##.##..........#.............
.##.##.)................รท...###.
..#.#####.#.....................


You could see Natasha (poisoned) and a white imp (summoned).

Vanquished Creatures
  Natasha (D:2)
  An adder (D:2)
  2 worms (D:2)
  A dart slug (D:1)
  6 bats
  2 giant cockroaches
  3 goblins
  A hobgoblin (D:1)
  2 kobolds
  2 ball pythons (D:1)
  3 frilled lizards (D:1)
  2 rats
26 creatures vanquished.

Notes
Turn   | Place    | Note
-------+----------+-------------------------------------------
     0 | D:1      | styxcanada the Spriggan Brigand began the quest for the
                  | Orb.
     0 | D:1      | Reached XP level 1. HP: 10/10 MP: 2/2
     4 | D:1      | You fall into a shaft and drop 1 floor!
    45 | D:2      | Reached skill level 6 in Stealth
   105 | D:1      | Found a faded altar of an unknown god.
   304 | D:1      | Reached XP level 2. HP: 14/14 MP: 3/3
   919 | D:2      | Noticed Natasha
   933 | D:2      | Noticed a crimson imp
   967 | D:2      | Killed Natasha
   968 | D:2      | Reached skill level 7 in Stealth
   968 | D:2      | Reached XP level 3. HP: 9/18 MP: 4/4
  1159 | D:2      | Found a bloodstained altar of Trog.
  1392 | D:2      | Noticed Natasha
  1422 | D:2      | Killed from afar by a white imp

Illustrated notes

Levels and vault maps discovered:
D:1:      lemuel_arrival_lava_pool, layout_rooms,
          chequers_ecumenical_altar_simple, nrook_campfire,
          minmay_split_cup_large
D:2:      minmay_spotlight, layout_basic, basic_altar, minmay_hedge_maze,
          uniq_natasha

Skill      XL: |  1  2 |
---------------+-------+-----
Stealth        | 6 7 |  7.3
Dodging        | 2 |  2.3
Fighting       | |  1.8
Short Blades   | |  2.4
Throwing       | |  2.4

Action                   || total
-------------------------++-------
Melee: Dagger            ||    69
Throw: Dart              ||    19
 Stab: Sleeping          ||     4
       Distracted        ||     1
Armor: Robe              ||    13
       Skin              ||     2
Dodge: Dodged            ||    70
